 Dungeon Crawl Stone Soup version 0.28-b1-1-g3c77fb2ed1 (webtiles) character file.

Game seed: 13593882722649789910

7520 LustLizard the Cleaver (level 10, -16/136 HPs)
             Began as a Minotaur Berserker on Jan 30, 2022.
             Was an Elder of Trog.
             Demolished by Erolcha (34 damage)
             ... on level 10 of the Dungeon.
             The game lasted 00:27:46 (13510 turns).

LustLizard the Cleaver (Minotaur Berserker)        Turns: 13510, Time: 00:27:46

Health: -16/136    AC: 12    Str: 21    XL:     10   Next: 95%
Magic:  9/9        EV:  6    Int:  8    God:    Trog [****..]
Gold:   374        SH:  0    Dex: 11    Spells: 9/9 levels left

rFire   + + .      SeeInvis .   w - +4 war axe (elec)
rCold   + + .      Faith    .   (no shield)
rNeg    . . .      Spirit   .   D - +0 plate armour
rPois   .          Reflect  .   F - +0 hat
rElec   .          Harm     .   x - scarf {rC+ rF+}
rCorr   .          Rampage  .   h - +0 pair of gloves
Will    ++...                   (no boots)
Stlth   ..........              (no amulet)
HPRegen 1.32/turn               q - ring of protection from cold
MPRegen 0.11/turn               s - ring of protection from fire

@: berserking, strong-willed (expiring), regenerating (expiring), very quick
A: horns 2, retaliatory headbutt
a: Renounce Religion, Berserk, Trog's Hand, Brothers in Arms


You were on level 10 of the Dungeon.
You worshipped Trog.
Trog was greatly pleased with you.
You visited 1 branch of the dungeon, and saw 10 of its levels.

You collected 374 gold pieces.

Inventory:

Hand Weapons
 w - a +4 war axe of electrocution (weapon)
Missiles
 a - a throwing net
 c - 207 stones (quivered)
 j - 7 javelins
 o - 21 poisoned darts
 p - 2 silver boomerangs
Armour
 h - a +0 pair of gloves (worn)
 x - a scarf of resistance (worn)
 D - a +0 plate armour (worn)
 F - a +0 hat (worn)
Jewellery
 q - a ring of protection from cold (left hand)
 s - a ring of protection from fire (right hand)
Wands
 u - a wand of polymorph (14)
 v - a wand of flame (26)
 E - a wand of iceblast (13)
Scrolls
 b - 3 scrolls of immolation {unknown}
 d - 2 scrolls of vulnerability {unknown}
 f - 2 scrolls of silence {unknown}
 g - 2 scrolls of enchant weapon {unknown}
 i - 2 scrolls of blinking {unknown}
 k - a scroll of torment {unknown}
 l - a scroll of fog {unknown}
 m - a scroll of amnesia
 y - 4 scrolls of teleportation
 z - 4 scrolls of noise
 A - a scroll of brand weapon
Potions
 e - a potion of mutation
 n - 8 potions of curing
 r - 2 potions of haste
 t - a potion of lignification
 B - 2 potions of flight
 C - a potion of cancellation
 G - a potion of berserk rage {unknown}


   Skills:
 + Level 9.2 Fighting
 * Level 12.3 Axes
 * Level 9.7 Throwing
 - Level 2.4 Armour
 - Level 2.1 Dodging
 * Level 6.1 Evocations


You had 9 spell levels left.
You didn't know any spells.
Your spell library was empty.

Dungeon Overview and Level Annotations

Branches:
Dungeon (10/15)            Temple (0/1) D:7             Orc (0/2) D:9
   Lair: D:8-11

Altars:
Fedhas
Ru
Sif Muna
Trog
The Shining One

Shops:
D:5 [[(

Annotations:
D:10 Erolcha


Innate Abilities, Weirdness & Mutations

You have a pair of horns on your head.
You reflexively headbutt those who attack you in melee.


Message History

You feel strong-willed.
Found 19 stones.
Erolcha points at you and mumbles some strange words.
The fireball explodes!
The fireball engulfs you! You resist.
A kobold comes into view. It is wielding a +1 whip of distortion.
Found 8 gold pieces.
The kobold shouts!
Erolcha drinks a potion.
Erolcha seems to grow stronger.
You slash Erolcha!
Erolcha is moderately wounded.
Erolcha gestures wildly while chanting.
Erolcha blinks!
Unknown command.
The kobold throws a stone.
The stone hits you but does no damage.
A kobold comes into view. It is wielding a +0 short sword.
The kobold hits you but does no damage.
Erolcha screams, "Lunch!"
Erolcha casts a spell.
Erolcha blinks!
Erolcha mumbles some strange words.
Erolcha blinks!
Erolcha mumbles some strange words.
Erolcha flickers and vanishes!
Deactivating autopickup; reactivate with Ctrl-A.
The kobold hits you but does no damage. Space warps horribly around you!!
The kobold throws a stone.
The stone barely misses you. Something hits you!!
You closely miss something. You hit the kobold.
You kill the kobold!
Trog accepts your kill. Something hits you!!!
* * * LOW HITPOINT WARNING * * *
The kobold throws a stone.
The stone hits you but does no damage.
You barely miss something. Your headbutt misses something.
Okay, then.
Okay, then.
A red film seems to cover your vision as you go berserk!
You feel yourself moving faster!
You feel mighty!
You feel the effects of Trog's Hand fading.
Something hits you!!
You die...

##### ....######
.##.......# ..(.......#
# .......{..# # #
.......@).####.###.#####
.........>..$...........
....$...K.####...#.##...
.......##.######.#.##...
.................#.##...
...?.####.########.##...
..... #...............
##### #####...........
#....#....(#


You could see a kobold.

Vanquished Creatures
  An ugly thing (D:8)
  Joseph (D:7)
  Maggie (D:6)
  Psyche (D:10)
  A troll (D:10)
  2 hornets
  A vampire (D:9)
  6 humans (D:6)
  6 yaks
  A steam dragon (D:3)
  An acid dragon (D:10)
  Duvessa (D:5)
  An ice beast (D:8)
  5 orc warriors
  A sky beast (D:6)
  2 black bears
  An ogre (D:6)
  A necrophage (D:5)
  3 centaurs
  A phantom (D:5)
  A kobold brigand (D:10)
  4 bullfrogs
  Dowan (D:5)
  5 killer bees (D:10)
  2 howler monkeys
  6 wights (D:9)
  4 electric eels (D:8)
  A bullfrog zombie (D:5)
  2 centaur zombies
  2 hounds
  A jelly (D:5)
  4 orc priests
  4 iguanas
  12 orc wizards
  3 killer bee zombies
  A mummy (D:9)
  A hound skeleton (D:4)
  3 howler monkey zombies
  10 gnolls
  2 howler monkey skeletons
  2 adders
  2 white imps
  2 ufetubi
  2 dart slugs
  65 orcs
  5 ball pythons
  5 bats
  9 endoplasms
  3 giant cockroaches
  11 goblins
  5 hobgoblins
  6 jackals
  16 kobolds
  2 quokkas (D:1)
  2 frilled lizards
  7 rats
251 creatures vanquished.

Vanquished Creatures (others)
  41 plants (D:8)
  8 withered plants (D:9)
49 creatures vanquished.

Grand Total: 300 creatures vanquished

Notes
Turn   | Place    | Note
-------+----------+-------------------------------------------
     0 | D:1      | LustLizard the Minotaur Berserker began the quest for the
                  | Orb.
     0 | D:1      | Reached XP level 1. HP: 19/19 MP: 0/0
   104 | D:1      | Reached skill level 4 in Axes
   237 | D:1      | Reached XP level 2. HP: 20/27 MP: 1/1
   671 | D:1      | Reached skill level 1 in Throwing
   935 | D:1      | Reached XP level 3. HP: 33/33 MP: 2/2
   977 | D:1      | Found a faded altar of an unknown god.
  1528 | D:2      | Reached ** piety under Trog
  1861 | D:3      | Found a glowing golden altar of the Shining One.
  1992 | D:3      | Reached XP level 4. HP: 38/40 MP: 3/3
  2161 | D:3      | Noticed a steam dragon
  2169 | D:3      | Killed a steam dragon
  2170 | D:3      | Reached skill level 5 in Axes
  2170 | D:3      | Reached XP level 5. HP: 13/47 MP: 4/4
  2733 | D:3      | Reached XP level 6. HP: 54/55 MP: 5/5
  3082 | D:4      | Reached skill level 5 in Fighting
  3082 | D:4      | Reached skill level 6 in Axes
  3300 | D:4      | Reached *** piety under Trog
  3825 | D:5      | Entered Level 5 of the Dungeon
  3909 | D:5      | Found Nippep's Armour Shoppe.
  3918 | D:5      | Reached XP level 7. HP: 43/61 MP: 6/6
  4016 | D:5      | Noticed Dowan
  4024 | D:5      | Killed Dowan
  4025 | D:5      | Noticed Duvessa
  4032 | D:5      | Killed Duvessa
  4033 | D:5      | Reached skill level 7 in Axes
  4318 | D:5      | Reached skill level 5 in Throwing
  4430 | D:5      | Found Foapsay's Armour Shoppe.
  4489 | D:5      | Found Ygae's Weapon Boutique.
  4581 | D:5      | Reached XP level 8. HP: 66/70 MP: 7/7
  4765 | D:5      | Found Xiyral's Antique Weapon Boutique.
  4926 | D:5      | Reached skill level 8 in Axes
  5332 | D:6      | Noticed Maggie
  5348 | D:6      | Killed Maggie
  5410 | D:6      | Reached skill level 9 in Axes
  6451 | D:6      | Reached skill level 1 in Evocations
  6451 | D:6      | Reached XP level 9. HP: 39/79 MP: 8/8
  7059 | D:6      | Reached skill level 10 in Axes
  7472 | D:7      | Noticed Joseph
  7489 | D:7      | Killed Joseph
  8107 | D:7      | Found a staircase to the Ecumenical Temple.
  8320 | D:7      | Reached **** piety under Trog
  8416 | D:7      | Reached XP level 10. HP: 56/88 MP: 9/9
  8818 | D:7      | Identified the +0 chain mail "Xerhan" {rC+}
  8916 | D:7      | Found a blossoming altar of Fedhas.
  8917 | D:7      | Found a shimmering blue altar of Sif Muna.
  8917 | D:7      | Found a bloodstained altar of Trog.
  8918 | D:7      | Found a sacrificial altar of Ru.
  9145 | D:8      | Noticed a white ugly thing
  9155 | D:8      | Killed a white ugly thing
  9156 | D:8      | Reached skill level 11 in Axes
  9454 | D:8      | Paralysed by a hornet for 1 turns
 10255 | D:8      | Identified the +1 leather armour of the Forest {Fly}
 10911 | D:8      | Reached skill level 5 in Evocations
 11618 | D:9      | Found a staircase to the Orcish Mines.
 11981 | D:9      | Identified the +1 ring mail "Bopp" {+Blink}
 12539 | D:10     | Entered Level 10 of the Dungeon
 12555 | D:10     | Reached skill level 12 in Axes
 13050 | D:10     | Noticed Psyche
 13263 | D:10     | Killed Psyche
 13494 | D:10     | Noticed Erolcha
 13510 | D:10     | Demolished by Erolcha

Illustrated notes

Levels and vault maps discovered:
D:1:      dpeg_arrival_erosion, layout_loops_cross,
          dilly_ecumenical_altar_fadedgnrine, hex_medium
D:2:      layout_basic
D:3:      layout_loops_ring, mainiacjoe_overflow_concentric_impassable,
          minmay_diced_spiral
D:4:      layout_gridville
D:5:      layout_gridville, serial_shops, shop, nicolae_shop_window_shopping,
          shop_fountains, shop_statue, uniq_duvessa
D:6:      layout_loops_ring, minmay_ruffians, uniq_maggie
D:7:      layout_basic, chequers_temple_overflow_statue_of_worship,
          minmay_temple_entry_wispy, uniq_joseph
D:8:      layout_loops_ring, serial_bayou, serial_bayou_lagoon_b,
          serial_bayou_ford_a, serial_bayou_lagoon_a, serial_bayou_lake_a
D:9:      layout_rooms, hiddenorc2_lemuel, serial_undead, serial_undead_b,
          serial_undead_a, serial_undead_f, serial_undead_f
D:10:     layout_basic, uniq_erolcha, uniq_psyche

Skill      XL: |  1  2  3  4  5  6  7  8  9 10 |
---------------+-------------------------------+-----
Axes           | 4 5 6 7 9 10 12 | 12.3
Fighting       | 4 5 6 7 8 9 |  9.2
Throwing       | 1 3 4 5 7 8 9 |  9.7
Evocations     | 1 4 6 |  6.1
Armour         | |  2.4
Dodging        | |  2.1

Action                   |  1- 3 |  4- 6 |  7- 9 | 10-12 || total
-------------------------+-------+-------+-------+-------++-------
Melee: Hand axe          |    99 |    73 |       |       ||   172
       Headbutt          |    18 |    17 |    30 |    25 ||    90
       Punch             |     1 |     2 |       |     4 ||     7
       War axe           |       |    31 |   156 |   219 ||   406
Throw: Stone             |    86 |    14 |    59 |   113 ||   272
       Dart              |       |       |     1 |       ||     1
Invok: Berserk           |       |     1 |     3 |     2 ||     6
       Trog's Hand       |       |     1 |     2 |     6 ||     9
  Use: Scroll            |       |       |     7 |     3 ||    10
 Stab: Sleeping          |     1 |       |       |       ||     1
Armor: Animal skin       |     5 |       |       |       ||     5
       Chain mail        |    36 |    54 |    49 |       ||   139
       Plate armour      |       |       |    20 |   100 ||   120
Dodge: Dodged            |    41 |    48 |    73 |    48 ||   210
